 Dungeon Crawl Stone Soup version 0.14-a0-2604-g6f603d6 (webtiles) character file.

243428 MrRokkomies the Spry (level 19, 0/99 HPs)
             Began as a Vine Stalker Assassin on Feb 11, 2014.
             Was the Champion of Dithmenos.
             Shot with an arrow by a satyr (10 damage)
             ... on Level 3 of the Shoals on Feb 13, 2014.
             The game lasted 04:40:35 (44025 turns).

MrRokkomies the Spry (Vine Stalker Assassin)       Turns: 44025, Time: 04:40:35

HP   0/99        AC  9     Str 15      XL: 19   Next: 86%
MP   0/41        EV 25     Int 19      God: Dithmenos [******]
Gold 362         SH  0     Dex 21      Spells:  8 memorised,  1 level left

rFire  . . .     SeeInvis .     e - +8,+4 lajatang of the Tomato {speed, rPois}
rCold  + . .     Clarity  +     r - +2 mottled dragon armour
rNeg   . . .     Conserve .     (no shield)
rPois  +         rCorr    .     s - +0 hat of the Poles {Dex+4 Int+2}
rElec  .         rRot     +     (no cloak)
SustAb . .       Spirit   +     Y - +0 pair of orc gloves {archer}
rMut   .         Warding  .     (no boots)
Saprov . . .     Stasis   .     d - amulet of clarity
MR     ++...                    j - +3,+7 ring of slaying
                                D - ring of magical power

@: shrouded, wreathed by umbra, very resistant to hostile enchantments,
extraordinarily stealthy
A: fangs 3, cold resistance 1, regeneration 3, magic shield, antimagic bite, no
device heal
a: Shadow Step, Shadow Form, Renounce Religion
}: 1/15 runes: serpentine


You were on level 3 of the Shoals.
You worshipped Dithmenos.
Dithmenos was exalted by your worship.
You were not hungry.

You visited 8 branches of the dungeon, and saw 41 of its levels.
You also visited: Labyrinth.

You collected 3320 gold pieces.
You spent 2958 gold pieces at shops.

Inventory:

Hand weapons
 e - the +8,+4 lajatang of the Tomato (weapon) {speed, rPois}
   (You found it on level 5 of the Dungeon)

   Attacks with this weapon are significantly faster, but cause slightly less
   damage.
   It protects you from poison.
 t - the +9,+6 bow of Disembowelment {venom, rElec Dex+2 Int-1}
   (You found it on level 8 of the Lair of Beasts)

   It poisons the ammo it fires.
   It affects your intelligence (-1).
   It affects your dexterity (+2).
   It insulates you from electricity.
 w - a +2,+0 dagger of venom
 N - a +7,+5 quarterstaff of freezing
Missiles
 J - 80 arrows
 R - 29 arrows of frost
Armour
 p - a +2 hat of magic resistance
 r - a +2 mottled dragon armour (worn)
 s - the +0 hat of the Poles (worn) {Dex+4 Int+2}
   (You found it on level 4 of the Snake Pit)

   It affects your intelligence (+2).
   It affects your dexterity (+4).
 L - a +1 robe of resistance
 Y - a +0 pair of orcish gloves of archery (worn)
Magical devices
 i - a wand of draining (6)
 k - a wand of disintegration (14)
 l - a wand of digging (15)
 m - a wand of lightning (2)
 x - a wand of teleportation (5)
 P - a wand of cold (2)
 S - a wand of frost (12)
Comestibles
 f - 3 chunks of snapping turtle flesh
 n - 4 meat rations
Scrolls
 A - a scroll of magic mapping
 F - a scroll of fear
 Q - a scroll of blinking
 V - 4 scrolls of remove curse
 W - a scroll of teleportation
Jewellery
 d - an amulet of clarity (around neck)
 h - the ring of Loulan {rF- rC+ MR+ Int+3}
   (You found it on level 8 of the Lair of Beasts)

   [ring of intelligence]

   It affects your intelligence (+3).
   It makes you vulnerable to fire.
   It protects you from cold.
   It affects your resistance to hostile enchantments.
 j - a +3,+7 ring of slaying (right hand)
 o - an uncursed ring of wizardry
 q - an uncursed ring of ice
 y - an uncursed ring of teleportation
 D - a ring of magical power (left hand)
 E - an uncursed ring of fire
 M - an uncursed ring of protection from fire
Potions
 a - 6 potions of curing
 b - a potion of resistance {unknown}
 c - 4 potions of berserk rage
 g - 4 potions of brilliance
 u - 3 potions of flight
 H - a potion of might
 I - 2 potions of magic
Magical staves
 X - an uncursed staff of wizardry


   Skills:
 * Level 10.6 Fighting
 - Level 4.3 Short Blades
 - Level 14.0 Staves
 - Level 1.7 Throwing
 - Level 15.0 Dodging
 - Level 9.0 Stealth
 - Level 5.1 Spellcasting
 - Level 5.2 Conjurations
 - Level 7.2 Hexes
 * Level 9.3 Charms
 - Level 14.0 Ice Magic
 - Level 9.0 Poison Magic
 - Level 9.1 Invocations


You had one spell level left.
You knew the following spells:

 Your Spells              Type           Power        Failure   Level  Hunger
a - Confuse               Hex            ####....     1%          3    ###....
b - Ozocubu's Refrigerat  Ice            ######....   8%          6    #######
c - Mephitic Cloud        Conj/Pois/Air  ###.....     6%          3    ###....
d - Olgreb's Toxic Radia  Pois           #####...     3%          4    ####...
e - Throw Icicle          Conj/Ice       #####...     2%          4    ####...
f - Shroud of Golubria    Chrm/Tloc      ###.......   3%          2    None
g - Regeneration          Chrm/Necr      ###.......   8%          3    ###....
h - Song of Slaying       Chrm           #####...     1%          2    None


Dungeon Overview and Level Annotations

Branches:
Dungeon (16/16)            Temple (1/1) D:6             Orc (4/4) D:11
    Elf (0/3) Orc:3          Lair (8/8) D:10         Shoals (3/5) Lair:6
  Snake (5/5) Lair:6        Slime (0/6) Lair:8       Vaults (3/5) D:15
  Blade (1/1) Vaults:3      Crypt (0/5) Vaults:3     Depths (0/6) D:16

Altars:
Ashenzari
Cheibriados
Dithmenos
Elyvilon
Fedhas
Kikubaaqudgha
Makhleb
Nemelex Xobeh
Okawaru
Sif Muna
Trog
Vehumet
Xom
Yredelemnul
Zin
The Shining One
Beogh

Shops:
D:15 *   D:16 ?   Orc:3 }}=:?   Orc:4 [([*   Shoals:2 /=   Snake:3 ([(}
Vaults:1 :   Vaults:2 (

Annotations:
D:4 Dowan
D:6 Pikel
Shoals:1 Agnes


Innate Abilities, Weirdness & Mutations

You have razor-sharp teeth.
You regenerate.
When hurt, damage is shared between your health and your magic reserves.
Your bite disrupts and absorbs the magic of your enemies.
Potions and wands cannot restore your HP.
Your flesh is cold resistant.


Message History

The satyr plays a rousing melody on his pipes!
The satyr's allies are stirred to greatness!
The mermaid chants a haunting song.
You resist.
The satyr shoots an arrow.
The arrow hits you!
* * * LOW HITPOINT WARNING * * *
The snapping turtle misses you.
You see here an arrow.
The mermaid chants a haunting song.
You resist.
The satyr shoots an arrow.
The arrow misses you. The snapping turtle closely misses you.
The snapping turtle misses you.
You see here 11 darts of frost.
The mermaid chants a haunting song.
You resist.
The snapping turtle bites you from afar!
* * * LOW HITPOINT WARNING * * *
The mermaid chants a haunting song.
You resist.
The satyr shoots an arrow.
The arrow hits you!
You die...

≈≈≈≈≈≈...≈###'###≈........ .
≈≈≈≈≈(.......H.........≈##...
≈≈≈≈≈≈≈.....mc...............
≈≈≈≈≈≈.......E..............
≈≈≈≈≈(>...(..=...............
≈≈≈≈≈≈.....t.................
≈≈≈≈......(..[...≈.........≈
≈≈≈.............≈≈≈....###
≈≈...(....@.....≈≈≈...#
≈≈≈≈...P........≈.....#
≈≈≈P≈≈......<......##...
≈≈≈≈≈≈≈................
≈≈≈≈......###........
≈≈≈≈≈(P.....###......
≈≈P≈..P%../>....P..≈.
≈≈≈...........P....≈
≈≈≈..##....<...PP≈


You could see a satyr, a snapping turtle (roused), a manticore (roused), a water
elemental and a mermaid (roused).

Vanquished Creatures
  Asterion (Snake:2)
  A sphinx (Vaults:1)
  A lich (Vaults:3)
  Frances (Snake:5)
  Kirke (Snake:2)
  A spectral weapon (Snake:2)
  Donald (Snake:3)
  13 greater nagas
  Aizul (Shoals:1)
  Louise (Shoals:1)
  8 vault wardens
  A fire giant (Vaults:3)
  An orc warlord (Orc:4)
  Gastronok (D:9)
  5 stone giants
  A deep elf demonologist (Vaults:3)
  Azrael (Snake:2)
  A minotaur (Lab)
  A merfolk impaler (Shoals:1)
  Snorg (Lair:4)
  2 fire dragons
  A deep elf death mage (Vaults:3)
  An ettin (Vaults:2)
  3 ironheart preservers
  2 vault guards (Vaults:2)
  10 yaktaur captains
  A siren (Shoals:2)
  A great orb of eyes (Vaults:2)
  Fannar (D:12)
  A merfolk aquamancer (Shoals:2)
  9 naga warriors
  A ravenous feature mimic (Snake:3)
  3 ice dragons
  Nessos (Snake:2)
  8 hydras
  Erica (Lair:4)
  6 anacondas
  4 ogre magi
  An alligator snapping turtle (Shoals:2)
  16 naga sharpshooters
  3 dancing weapons (Vaults:3)
  9 centaur warriors
  Urug (D:12)
  2 iron trolls (Vaults:2)
  3 deep elf knights
  11 skeletal warriors
  2 deep trolls
  5 shock serpents
  A flayed ghost (Vaults:3)
  A necromancer (D:15)
  2 unseen horrors
  7 harpies
  6 naga ritualists
  2 wizards
  8 hill giants
  4 water nymphs
  5 ironbrand convokers
  Joseph (D:8)
  2 orc sorcerers
  10 griffons
  2 wolf spiders (Vaults:1)
  4 giant amoebae
  9 cyclopes
  A tengu skeleton (Vaults:3)
  22 black mambas
  5 orc knights
  4 manticores
  5 mana vipers
  4 spiny worms
  3 human skeletons (Vaults:3)
  3 stone giant skeletons (Vaults:3)
  9 elephants
  4 salamanders
  2 fauns (Shoals:2)
  7 vault sentinels
  12 guardian serpents
  19 naga magi
  An item mimic (D:13)
  A vapour (Vaults:3)
  26 spiny frogs
  A fire drake (Lair:7)
  30 yaktaurs
  7 merfolk
  2 komodo dragons
  A centaur zombie (D:16)
  2 mermaids (Shoals:2)
  4 red devils (D:10)
  3 yaktaur skeletons (Vaults:3)
  A freezing wraith (Vaults:2)
  4 trolls
  2 wandering mushrooms (Lab)
  A giant firefly (shapeshifter) (D:15)
  6 two-headed ogres
  3 giant leeches (Lair:8)
  Prince Ribbit (D:6)
  A queen bee (shapeshifter) (D:16)
  9 slime creatures
  3 trapdoor spiders
  19 blink frogs
  15 sharks
  3 boulder beetles
  A formicid (shapeshifter) (Vaults:1)
  A stone giant simulacrum (Vaults:3)
  6 snapping turtles
  5 water elementals
  A grizzly bear (shapeshifter) (Vaults:1)
  3 deep elf magi (Vaults:2)
  2 vampires
  A hill giant zombie (D:11)
  An air elemental (Vaults:3)
  A wraith (D:13)
  2 shadows
  A basilisk (Lair:3)
  2 spectral ugly things (Vaults:3)
  8 hippogriffs
  2 hogs (Snake:2)
  21 wolves
  Eustachio (D:6)
  3 elephant slugs
  74 yaks
  70 ugly things
  2 deep elf fighters
  2 wyverns
  2 fire elementals (Snake:2)
  A hill giant skeleton (D:13)
  A steam dragon (D:12)
  Edmund (D:4)
  2 necrophages
  19 vampire mosquitoes
  3 hell hounds (Snake:2)
  3 soldier ants
  2 deep troll skeletons (Vaults:3)
  6 hungry ghosts
  2 mottled dragons
  7 porcupines
  8 ice beasts
  A phantom (D:9)
  A yellow wasp (D:15)
  3 sky beasts
  11 giant goldfish
  2 black bears
  A black bear (shapeshifter) (Vaults:1)
  2 boring beetles
  41 nagas
  22 ogres
  21 centaurs
  3 slaves (D:6)
  12 crocodiles
  49 orc warriors
  Duvessa (D:4)
  29 giant frogs
  6 big kobolds
  3 wargs
  6 giant slugs
  A manticore skeleton (D:10)
  Blork the orc (D:6)
  25 water moccasins
  5 agate snails
  3 wyvern skeletons
  7 jellies
  4 killer bees (D:14)
  A troll skeleton (D:10)
  2 vampire bats (D:6)
  10 jellyfish
  5 wights (D:8)
  9 electric eels
  An eye of draining (D:16)
  11 crimson imps
  A centaur skeleton (D:11)
  37 orc priests
  6 goliath beetles
  8 big fish
  4 quasits
  Crazy Yiuf (D:3)
  5 hounds
  34 orc wizards
  A scorpion (D:7)
  A two-headed ogre skeleton (D:8)
  A giant frog skeleton (D:6)
  13 iguanas
  11 worker ants
  15 sheep
  Ijyb (D:5)
  2 ogre skeletons
  4 boggarts (Vaults:3)
  3 gnolls (D:4)
  22 green rats
  25 adders
  A brain worm simulacrum (D:16)
  3 giant centipedes
  3 giant mites
  3 worms
  3 giant eyeballs
  14 giant geckos
  212 orcs
  21 bats
  A bat skeleton (D:6)
  2 bat zombies (D:6)
  17 goblins
  11 hobgoblins
  18 jackals
  9 quokkas
  A ball python (Snake:2)
  2 chimeras (Orc:4)
  6 giant cockroaches
  3 giant newts
  2 giant spores
  38 kobolds
  2 kobold zombies
  2 orc zombies
  A quokka zombie (D:5)
  19 rats
  A rat zombie (D:4)
  6 ballistomycetes
  2 fungi
  3 plants
1629 creatures vanquished.

Vanquished Creatures (collateral kills)
  A vault guard (Vaults:2)
1 creature vanquished.

Vanquished Creatures (others)
  A yaktaur (Vaults:2)
  A slime creature (Vaults:2)
  3 humans (Snake:2)
  A naga (Snake:5)
  4 fungi
  A plant (Lair:8)
11 creatures vanquished.

Grand Total: 1641 creatures vanquished

Notes
Turn   | Place    | Note
--------------------------------------------------------------
     0 | D:1      | MrRokkomies, the Vine Stalker Assassin, began the quest for the Orb.
     0 | D:1      | Reached XP level 1. HP: 11/11 MP: 1/1
    24 | D:1      | Reached skill level 5 in Stealth
    35 | D:1      | Reached XP level 2. HP: 12/15 MP: 3/3
   584 | D:1      | Reached XP level 3. HP: 18/18 MP: 4/4
   753 | D:2      | Reached skill level 6 in Stealth
  1131 | D:3      | Reached XP level 4. HP: 21/23 MP: 5/5
  1677 | D:3      | Reached XP level 5. HP: 26/26 MP: 7/7
  1692 | D:3      | Noticed Crazy Yiuf
  1717 | D:3      | Killed Crazy Yiuf
  1717 | D:3      | Reached skill level 7 in Stealth
  2045 | D:4      | Found a deep blue altar of Sif Muna.
  2191 | D:4      | Noticed an ogre
  2287 | D:4      | Noticed an ogre
  2290 | D:4      | Killed an ogre
  2290 | D:4      | Gained mutation: You heal very quickly. [vine stalker growth]
  2290 | D:4      | Reached XP level 6. HP: 30/30 MP: 8/8
  2296 | D:4      | Reached skill level 8 in Stealth
  2490 | D:4      | Noticed Duvessa
  2492 | D:4      | Noticed Dowan
  2528 | D:4      | Killed Duvessa
  2539 | D:5      | Entered Level 5 of the Dungeon
  2597 | D:5      | Got a pitted lajatang
  2602 | D:5      | Noticed Ijyb
  2603 | D:5      | Killed Ijyb
  2604 | D:5      | Identified the +8,+4 lajatang of the Tomato {speed, rPois} (You found it on level 5 of the Dungeon)
  2617 | D:5      | Reached XP level 7. HP: 32/34 MP: 9/9
  2668 | D:5      | Reached skill level 1 in Dodging
  2692 | D:5      | Reached skill level 1 in Staves
  2774 | D:5      | Found a burning altar of Makhleb.
  2988 | D:5      | Found a bloodstained altar of Trog.
  3100 | D:5      | Gained mutation: You have razor-sharp teeth. [vine stalker growth]
  3100 | D:5      | Reached XP level 8. HP: 38/38 MP: 11/11
  3461 | D:4      | Noticed Edmund
  3482 | D:4      | Killed Edmund
  3678 | D:4      | Reached skill level 5 in Staves
  3703 | D:4      | Paralysed by a giant eyeball for 4 turns
  3966 | D:6      | Found a shattered altar of Ashenzari.
  4026 | D:6      | Noticed Eustachio
  4028 | D:6      | Noticed Prince Ribbit
  4047 | D:6      | Killed Prince Ribbit
  4047 | D:6      | Reached XP level 9. HP: 37/42 MP: 12/12
  4053 | D:6      | Killed Eustachio
  4155 | D:6      | Found a staircase to the Ecumenical Temple.
  4163 | Temple   | Entered the Ecumenical Temple
  4309 | D:6      | Noticed Pikel
  4436 | D:6      | Noticed Blork the orc
  4455 | D:6      | Killed Blork the orc
  4667 | D:6      | Found an ancient bone altar of Kikubaaqudgha.
  5120 | D:7      | Found an iron altar of Okawaru.
  5120 | D:7      | Found a white marble altar of Elyvilon.
  5256 | D:7      | Reached skill level 9 in Staves
  5485 | D:7      | Reached XP level 10. HP: 46/46 MP: 13/13
  5860 | D:7      | Reached skill level 5 in Dodging
  6068 | D:7      | Reached skill level 10 in Staves
  6675 | D:8      | Noticed Joseph
  6677 | D:8      | Noticed a cyclops
  6772 | D:8      | Killed Joseph
  6946 | D:8      | Reached skill level 11 in Staves
  6992 | D:8      | Killed a cyclops
  7219 | D:9      | Noticed Gastronok
  7235 | D:9      | Killed Gastronok
  7235 | D:9      | Reached skill level 12 in Staves
  7235 | D:9      | Reached XP level 11. HP: 26/50 MP: 15/15
  7774 | D:9      | Found a shadowy altar of Dithmenos.
  7783 | D:9      | Became a worshipper of Dithmenos
  8283 | D:10     | Entered Level 10 of the Dungeon
  8671 | D:10     | Reached skill level 13 in Staves
  8891 | D:10     | Found a staircase to the Lair.
  8969 | Lair:1   | Entered Level 1 of the Lair of Beasts
 10128 | D:10     | Paralysed by a giant eyeball for 2 turns
 10132 | D:10     | Paralysed by a giant eyeball for 4 turns
 10163 | D:10     | Noticed a hill giant
 10218 | D:10     | Killed a hill giant
 10218 | D:10     | Gained mutation: You regenerate. [vine stalker growth]
 10218 | D:10     | Reached XP level 12. HP: 52/54 MP: 16/16
 10395 | D:11     | Reached skill level 14 in Staves
 10818 | D:11     | Learned a level 3 spell: Confuse
 10822 | D:11     | Learned a level 3 spell: Poison Weapon
 10908 | D:11     | Acquired Dithmenos' first power
 11280 | D:11     | Found a staircase to the Orcish Mines.
 11502 | D:12     | Got a smoking large shield
 11521 | D:12     | Identified the cursed +3 large shield of the Hanged Man {Str-1 Int+2} (You found it on level 12 of the Dungeon)
 11675 | D:12     | Reached skill level 5 in Fighting
 11698 | D:12     | Acquired Dithmenos' second power
 11715 | D:12     | Noticed Urug
 11768 | D:12     | Killed Urug
 12035 | D:12     | Noticed Fannar
 12087 | D:12     | Killed Fannar
 12768 | Lair:2   | Reached XP level 13. HP: 61/67 MP: 14/17
 13710 | Lair:3   | Acquired Dithmenos' third power
 14292 | Lair:3   | Reached skill level 1 in Hexes
 14860 | Lair:4   | Noticed Snorg
 14874 | Lair:4   | Killed Snorg
 14879 | Lair:4   | Noticed Erica
 15168 | Lair:4   | Reached skill level 10 in Dodging
 15292 | Lair:4   | Reached skill level 1 in Poison Magic
 15430 | Lair:4   | Killed Erica
 15523 | Lair:4   | Acquired Dithmenos' fourth power
 15713 | Lair:4   | Reached skill level 5 in Hexes
 16317 | Lair:5   | Reached XP level 14. HP: 67/75 MP: 18/18
 17333 | Lair:6   | Reached skill level 5 in Poison Magic
 17582 | Lair:6   | Found a staircase to the Snake Pit.
 17730 | Lair:6   | Found a staircase to the Shoals.
 18122 | Lair:1   | Learned a level 3 spell: Mephitic Cloud
 18129 | Lair:1   | Learned a level 4 spell: Olgreb's Toxic Radiance
 18252 | Lair:7   | Found a labyrinth entrance.
 18264 | Lab      | Entered a labyrinth
 18744 | Lab      | Identified a +0 rod of fiery destruction (13/13) (You found it in a labyrinth)
 18900 | Lair:7   | Reached skill level 10 in Fighting
 19268 | Lair:7   | Reached skill level 1 in Conjurations
 20163 | Lair:8   | Entered Level 8 of the Lair of Beasts
 20736 | Lair:8   | Reached XP level 15. HP: 80/80 MP: 19/19
 20922 | Lair:8   | Got a slimy jade ring
 20941 | Lair:8   | Got a dazzling bow
 20987 | Lair:8   | Reached skill level 5 in Conjurations
 21004 | Lair:8   | Found a staircase to the Slime Pits.
 21051 | Lair:8   | Identified the ring of Loulan {rF- rC+ MR+ Int+3} (You found it on level 8 of the Lair of Beasts)
 21632 | Orc:1    | Entered Level 1 of the Orcish Mines
 21905 | Orc:1    | Upgraded the game from 0.14-a0-2564-g94087c3 to 0.14-a0-2592-g262d02f
 22224 | Orc:3    | Found a staircase to the Elven Halls.
 22314 | Orc:3    | Found Stroucsau's Gadget Boutique.
 22650 | Orc:3    | Found Qira's Gadget Shoppe.
 22654 | Orc:3    | Found Fyare's Jewellery Emporium.
 22739 | Orc:3    | Found Ibou's Book Shop.
 22798 | Orc:3    | Bought the Grimoire of Snow and Conjuration for 519 gold pieces
 22816 | Orc:3    | Bought an uncursed ring of magical power for 280 gold pieces
 22954 | Orc:3    | Found Ghunax's Magic Scroll Emporium.
 22982 | Orc:3    | Bought a scroll of identify for 26 gold pieces
 22982 | Orc:3    | Bought a scroll of identify for 26 gold pieces
 23146 | Orc:4    | Entered Level 4 of the Orcish Mines
 23274 | Orc:4    | Reached skill level 1 in Spellcasting
 23458 | Orc:4    | Found a roughly hewn altar of Beogh.
 23553 | Orc:4    | Found a roughly hewn altar of Beogh.
 23621 | Orc:4    | Found a roughly hewn altar of Beogh.
 23626 | Orc:4    | Found Ceurghox's Armour Shop.
 23702 | Orc:4    | Found a roughly hewn altar of Beogh.
 23702 | Orc:4    | Found Ejiosit's Assorted Antiques.
 23748 | Orc:4    | Bought a scroll of identify for 46 gold pieces
 24268 | Orc:4    | Found a roughly hewn altar of Beogh.
 24268 | Orc:4    | Found Qack's Antique Armour Emporium.
 24271 | Orc:4    | Found Shoheluk's Antique Weapon Shoppe.
 24294 | Orc:4    | Bought an embroidered robe for 21 gold pieces
 24305 | Orc:4    | Learned a level 4 spell: Throw Icicle
 24597 | Shoals:1 | Entered Level 1 of the Shoals
 24622 | Shoals:1 | Noticed Aizul
 24638 | Shoals:1 | Killed Aizul
 24638 | Shoals:1 | Reached skill level 1 in Ice Magic
 25223 | Snake:1  | Entered Level 1 of the Snake Pit
 25576 | Snake:1  | Found a glowing golden altar of the Shining One.
 25784 | Snake:2  | Noticed Kirke
 25799 | Snake:2  | Killed Kirke
 25806 | Snake:2  | Noticed Asterion
 25807 | Snake:2  | Noticed a spectral weapon
 25895 | Snake:2  | Noticed a spectral weapon
 25902 | Snake:2  | Killed a spectral weapon
 25915 | Snake:2  | Killed Asterion
 26513 | Snake:2  | Noticed Nessos
 26537 | Snake:2  | Killed Nessos
 26843 | Snake:2  | Reached XP level 16. HP: 46/85 MP: 26/26
 27136 | Snake:2  | Noticed Azrael
 27152 | Snake:2  | Killed Azrael
 27216 | Snake:3  | Found Teupomav's Armour Shop.
 27311 | Snake:3  | Found Piveoj's Antique Weapon Emporium.
 27400 | Snake:3  | Found Ugiuz's Book Emporium.
 27405 | Snake:3  | Ugiuz's Book Emporium was a mimic.
 27425 | Snake:3  | Reached skill level 5 in Ice Magic
 27668 | Snake:3  | Noticed Donald
 27689 | Snake:3  | Killed Donald
 27765 | Snake:3  | Found Jaeffuoq's Antique Weapon Emporium.
 27880 | Snake:3  | Found Cihet's Gadget Shoppe.
 29166 | Snake:4  | Got a faintly humming hat
 29170 | Snake:4  | Identified the +0 hat of the Poles {Dex+4 Int+2} (You found it on level 4 of the Snake Pit)
 29498 | Lair:1   | Identified the +9,+6 bow of Disembowelment {venom, rElec Dex+2 Int-1} (You found it on level 8 of the Lair of Beasts)
 29924 | Snake:5  | Entered Level 5 of the Snake Pit
 31166 | D:14     | Found a snail-covered altar of Cheibriados.
 31298 | D:14     | Paralysed by an orc sorcerer for 7 turns
 31333 | D:14     | Gained mutation: Your flesh is cold resistant. [potion of beneficial mutation]
 31727 | D:15     | Entered Level 15 of the Dungeon
 31850 | D:15     | Found a gate to the Vaults.
 32036 | D:15     | Found Hats' Assorted Antiques.
 32047 | D:15     | Bought a scroll of identify for 70 gold pieces
 32097 | D:15     | Reached XP level 17. HP: 89/89 MP: 27/27
 32401 | D:16     | Entered Level 16 of the Dungeon
 32472 | D:16     | Found Feabozey's Magic Scroll Boutique.
 32508 | D:16     | Bought a scroll of enchant weapon II for 82 gold pieces
 32508 | D:16     | Bought a scroll of blinking for 82 gold pieces
 32508 | D:16     | Bought a scroll of enchant weapon I for 82 gold pieces
 32508 | D:16     | Bought a scroll of identify for 30 gold pieces
 32597 | D:16     | Found a staircase to the Depths.
 33579 | Lair:1   | Learned a level 6 spell: Ozocubu's Refrigeration
 33902 | Shoals:2 | Found Monoism's Jewellery Emporium.
 33911 | Shoals:2 | Bought an uncursed ring of wizardry for 510 gold pieces
 33992 | Shoals:2 | Reached skill level 15 in Dodging
 34027 | Shoals:2 | Found Shryjuygu's Magical Wand Emporium.
 34045 | Shoals:2 | Bought a wand of fireball (2) for 192 gold pieces
 34045 | Shoals:2 | Bought a wand of teleportation (5) for 432 gold pieces
 34093 | Shoals:1 | Noticed Louise
 34093 | Shoals:1 | Noticed Agnes
 34388 | Shoals:1 | Killed Louise
 35275 | Snake:5  | Reached skill level 10 in Ice Magic
 36194 | Snake:5  | Reached XP level 18. HP: 39/93 MP: 28/28
 36289 | Snake:5  | Got a serpentine rune of Zot
 36766 | Snake:5  | Noticed Frances
 36776 | Snake:5  | Killed Frances
 37402 | Lair:1   | Upgraded the game from 0.14-a0-2592-g262d02f to 0.14-a0-2604-g6f603d6
 37650 | Vaults:1 | Entered Level 1 of the Vaults
 37788 | Vaults:1 | Got a brightly glowing tin amulet
 38019 | Vaults:1 | Reached skill level 1 in Invocations
 38072 | Vaults:1 | Got a steaming crossbow
 38364 | Vaults:1 | Identified the cursed -1,+8 crossbow of Zon Teggile {elec, +Inv rN+} (You found it on level 1 of the Vaults)
 38463 | Vaults:1 | Found Cuetafih's Book Boutique.
 38466 | Vaults:1 | Bought a book of Battle for 560 gold pieces
 38471 | Vaults:1 | Learned a level 2 spell: Shroud of Golubria
 39089 | Vaults:2 | Reached skill level 1 in Charms
 39394 | Vaults:2 | Reached skill level 5 in Invocations
 40024 | Vaults:2 | Found Pruaclos' Antique Weapon Shoppe.
 40035 | Vaults:2 | Reached skill level 5 in Charms
 40100 | Vaults:2 | Reached XP level 19. HP: 85/98 MP: 30/30
 41429 | Vaults:3 | Found a staircase to the Crypt.
 41949 | Vaults:3 | Learned a level 3 spell: Regeneration
 42381 | Vaults:3 | Reached skill level 5 in Spellcasting
 42414 | Vaults:3 | Learned a level 2 spell: Song of Slaying
 42816 | Vaults:3 | Found a staircase to the Hall of Blades.
 42939 | Blade    | Entered the Hall of Blades
 44025 | Shoals:3 | Shot with an arrow by a satyr

Action                   |  1- 3 |  4- 6 |  7- 9 | 10-12 | 13-15 | 16-18 | 19-21 || total
-------------------------+-------+-------+-------+-------+-------+-------+-------++-------
Melee: Dagger            |   130 |   111 |     1 |     8 |    13 |    85 |    16 ||   364
       Hand axe          |       |     1 |       |       |       |       |       ||     1
       Lajatang          |       |     1 |   295 |   817 |  1790 |  1386 |   582 ||  4871
       Quarterstaff      |       |       |       |       |    32 |    34 |       ||    66
 Fire: Blowgun           |     5 |    23 |    54 |    51 |     6 |     1 |       ||   140
       Sling             |       |       |       |     5 |       |       |       ||     5
Throw: Tomahawk          |       |     1 |     4 |     2 |     7 |       |       ||    14
 Cast: Confuse           |       |       |       |       |     4 |     1 |       ||     5
       Olgreb's Toxic Ra |       |       |       |       |    10 |     1 |       ||    11
       Mephitic Cloud    |       |       |       |       |     4 |     1 |       ||     5
       Throw Icicle      |       |       |       |       |       |    13 |     8 ||    21
       Ozocubu's Refrige |       |       |       |       |       |     4 |     3 ||     7
       Shroud of Golubri |       |       |       |       |       |     2 |     7 ||     9
       Regeneration      |       |       |       |       |       |       |     2 ||     2
Invok: Shadow Step       |       |       |       |     1 |     3 |    13 |       ||    17
Evoke: Wand              |       |       |     6 |    16 |     3 |     5 |       ||    30
       Box of beasts     |       |       |       |       |     2 |       |       ||     2
  Use: Scroll            |     4 |     8 |     4 |    25 |    20 |    29 |     6 ||    96
       Potion            |       |       |       |     1 |     5 |     4 |       ||    10
 Stab: Sleeping          |     4 |    13 |     7 |    23 |    68 |    73 |    17 ||   205
       Distracted        |       |       |     1 |       |     5 |     6 |     3 ||    15
       Confused          |       |       |       |       |     2 |       |       ||     2
       Invisible         |       |       |       |       |       |     5 |       ||     5
